| TOP OF THE 1ST |
|
Amarillo ThunderHeads batting - Pitching for Victoria Capitals : LHP Kevin Roberts
|
|
Pitching: LHP Kevin Roberts
|
|
|
Batting: RHB Luis Reyna
|
0-0: Swinging Strike 0-1: Ball 1-1: Foul Ball, location: 2F 1-2: Ball 2-2: Foul Ball, location: 2F 2-2: Ball 3-2: Hit by Pitch
|
|
Batting: SHB Tim Rogers
|
0-0: Ball 1-0: Ball Luis Reyna steals 2nd base 2-0: Ball 3-0: Called Strike 3-1: Fly out, F7 (Flyball, 78S, EV 91.3 MPH)
|
|
Batting: RHB Sal Cervantes
|
0-0: Ball 1-0: Ball 2-0: Foul Ball, location: 2F 2-1: Foul Ball, location: 2F 2-2: Ball 3-2: Base on Balls
|
|
Batting: RHB Nick Solberg
|
0-0: Called Strike 0-1: Foul Ball, location: 2F 0-2: Fly out, F9 (Flyball, 89S, EV 90.0 MPH)
|
|
Batting: RHB Jerry Foster
|
0-0: Ball 1-0: Fielders Choice at 2nd, 5-4 (Groundball, 5, EV 81.9 MPH)
|
| Top of the 1st over - 0 runs, 0 hits, 0 errors, 2 left on base; Amarillo 0 - Victoria 0 |
| BOTTOM OF THE 1ST |
|
Victoria Capitals batting - Pitching for Amarillo ThunderHeads : RHP Anastagio Fasola
|
|
Pitching: RHP Anastagio Fasola
|
|
|
Batting: RHB Heihachiro Fujita
|
0-0: Ball 1-0: Ball 2-0: Ball 3-0: Swinging Strike 3-1: Base on Balls
|
|
Batting: LHB Taki Matsui
|
0-0: Ball 1-0: Foul Ball, location: 2F 1-1: Ball 2-1: Ball Passed Ball! Heihachiro Fujita to second 3-1: Base on Balls
|
|
Batting: RHB Tomokazu Sugimoto
|
0-0: Called Strike 0-1: Ball 1-1: Called Strike 1-2: Ball 2-2: Ground out 6-3 (Groundball, P, EV 88.8 MPH) Heihachiro Fujita to third Taki Matsui to second
|
|
Batting: SHB Carlos Luna
|
0-0: Called Strike 0-1: Ball 1-1: Ball 2-1: SINGLE (Groundball, 6MS, EV 68.8 MPH) (infield hit) Heihachiro Fujita scores Taki Matsui to third
|
|
Batting: RHB Nick Edmunds
|
0-0: Called Strike 0-1: Ball 1-1: Foul Ball, location: 2F 1-2: Ball 2-2: Ball Wild Pitch! Taki Matsui scores Carlos Luna to second 3-2: Base on Balls
|
|
Batting: LHB Chang Huie
|
0-0: SINGLE (Groundball, 34S, EV 70.6 MPH) (infield hit) Carlos Luna to third Nick Edmunds to second
|
|
Batting: RHB Jung-wan Aan
|
0-0: Grounds into double play, 5-4-3 (Groundball, 56S, EV 80.6 MPH)
|
| Bottom of the 1st over - 2 runs, 2 hits, 0 errors, 2 left on base; Amarillo 0 - Victoria 2 |
| TOP OF THE 2ND |
|
Amarillo ThunderHeads batting - Pitching for Victoria Capitals : LHP Kevin Roberts
|
|
Batting: RHB Luis Solorzano
|
0-0: SINGLE (Groundball, 56D, EV 97.5 MPH)
|
|
Batting: RHB Elias Sagrero
|
0-0: Ball 1-0: Called Strike 1-1: Ball 2-1: Ball Luis Solorzano steals 2nd base 3-1: Called Strike 3-2: Strikes out looking
|
|
Batting: SHB Zack Barton
|
0-0: Ball 1-0: Ball 2-0: Ball 3-0: Base on Balls
|
|
Batting: SHB Tyler Romo
|
0-0: Ball 1-0: Ball 2-0: Fielders Choice at 2nd, 3-6 (Groundball, 34, EV 98.1 MPH) Luis Solorzano to third
|
|
Batting: RHB Luis Reyna
|
0-0: Foul Ball, location: 2F 0-1: Foul Ball, location: 2F 0-2: Fly out, F3 (Popup, 3SF, EV 78.1 MPH)
|
| Top of the 2nd over - 0 runs, 1 hit, 0 errors, 2 left on base; Amarillo 0 - Victoria 2 |
| BOTTOM OF THE 2ND |
|
Victoria Capitals batting - Pitching for Amarillo ThunderHeads : RHP Anastagio Fasola
|
|
Batting: SHB Ray Skogen
|
0-0: Foul Ball, location: 2F 0-1: Foul Ball, location: 2F 0-2: Strikes out looking
|
|
Batting: RHB David Greene
|
0-0: Foul Ball, location: 2F 0-1: Ball 1-1: Ball 2-1: Ground out 5-3 (Groundball, 25, EV 88.1 MPH)
|
|
Batting: RHB Heihachiro Fujita
|
0-0: Called Strike 0-1: Foul Ball, location: 2F 0-2: Ball 1-2: Ball 2-2: Ball 3-2: Foul Ball, location: 2F 3-2: Fly out, F8 (Line Drive, 8RM, EV 95.6 MPH)
|
| Bottom of the 2nd over - 0 runs, 0 hits, 0 errors, 0 left on base; Amarillo 0 - Victoria 2 |
| TOP OF THE 3RD |
|
Amarillo ThunderHeads batting - Pitching for Victoria Capitals : LHP Kevin Roberts
|
|
Batting: SHB Tim Rogers
|
0-0: Ball 1-0: Foul Ball, location: 2F 1-1: Ball 2-1: Ball 3-1: Foul Ball, location: 2F 3-2: Ground out 5-3 (Groundball, 25, EV 80.0 MPH)
|
|
Batting: RHB Sal Cervantes
|
0-0: Ground out 5-3 (Groundball, 56S, EV 68.8 MPH)
|
|
Batting: RHB Nick Solberg
|
0-0: Called Strike 0-1: Ball 1-1: Ball 2-1: Ball 3-1: SINGLE (Flyball, 4D, EV 89.4 MPH)
|
|
Batting: RHB Jerry Foster
|
0-0: Foul Ball, location: 2F 0-1: Fly out, F7 (Flyball, 78S, EV 90.0 MPH)
|
| Top of the 3rd over - 0 runs, 1 hit, 0 errors, 1 left on base; Amarillo 0 - Victoria 2 |
| BOTTOM OF THE 3RD |
|
Victoria Capitals batting - Pitching for Amarillo ThunderHeads : RHP Anastagio Fasola
|
|
Batting: LHB Taki Matsui
|
0-0: Ground out 1-3 (Groundball, 13, EV 68.8 MPH)
|
|
Batting: RHB Tomokazu Sugimoto
|
0-0: Swinging Strike 0-1: Ball 1-1: SINGLE (Line Drive, 8RS, EV 101.3 MPH)
|
|
Batting: SHB Carlos Luna
|
0-0: Ball 1-0: Foul Ball, location: 2F 1-1: Ball 2-1: Ball 3-1: Fly out, F8 (Flyball, 8RS, EV 91.3 MPH)
|
|
Batting: RHB Nick Edmunds
|
0-0: Ball 1-0: Called Strike Tomokazu Sugimoto steals 2nd base 1-1: Swinging Strike 1-2: Ground out 6-3 (Groundball, 6S, EV 88.8 MPH)
|
| Bottom of the 3rd over - 0 runs, 1 hit, 0 errors, 1 left on base; Amarillo 0 - Victoria 2 |
| TOP OF THE 4TH |
|
Amarillo ThunderHeads batting - Pitching for Victoria Capitals : LHP Kevin Roberts
|
|
Batting: RHB Luis Solorzano
|
0-0: Foul Ball, location: 2F 0-1: Ball 1-1: Swinging Strike 1-2: Ball 2-2: Ball 3-2: Base on Balls
|
|
Batting: RHB Elias Sagrero
|
Balk! Luis Solorzano to second 0-0: Called Strike 0-1: Swinging Strike 0-2: TRIPLE (Line Drive, 8LXD, EV 105.0 MPH) Luis Solorzano scores
|
|
Batting: SHB Zack Barton
|
0-0: Ground out 6-3 (Groundball, 6S, EV 65.6 MPH) Elias Sagrero scores
|
|
Batting: SHB Tyler Romo
|
0-0: SINGLE (Groundball, 6MD, EV 115.0 MPH)
|
|
Batting: RHB Luis Reyna
|
0-0: Ball Tyler Romo steals 2nd, throwing error, E2 Tyler Romo to third 1-0: Ground out 6-3 (Groundball, 6, EV 93.8 MPH) Tyler Romo scores
|
|
Batting: SHB Tim Rogers
|
0-0: Called Strike 0-1: Foul Ball, location: 2F 0-2: Ball 1-2: Ball 2-2: Strikes out swinging
|
| Top of the 4th over - 3 runs, 2 hits, 1 error, 0 left on base; Amarillo 3 - Victoria 2 |
| BOTTOM OF THE 4TH |
|
Victoria Capitals batting - Pitching for Amarillo ThunderHeads : RHP Anastagio Fasola
|
|
Batting: LHB Chang Huie
|
0-0: SINGLE (Groundball, 4MD, EV 95.6 MPH)
|
|
Batting: RHB Jung-wan Aan
|
0-0: Ball Chang Huie is caught stealing 2nd base 2-4 1-0: TRIPLE (Flyball, 8RXD, EV 99.4 MPH)
|
|
Batting: SHB Ray Skogen
|
0-0: Called Strike 0-1: Ball 1-1: Foul Ball, location: 2F 1-2: Strikes out swinging
|
|
Batting: RHB David Greene
|
0-0: Fly out, F8 (Flyball, 8RS, EV 76.3 MPH)
|
| Bottom of the 4th over - 0 runs, 2 hits, 0 errors, 1 left on base; Amarillo 3 - Victoria 2 |
| TOP OF THE 5TH |
|
Amarillo ThunderHeads batting - Pitching for Victoria Capitals : LHP Kevin Roberts
|
|
Batting: RHB Sal Cervantes
|
0-0: Fly out, F8 (Flyball, 8RS, EV 78.8 MPH)
|
|
Batting: RHB Nick Solberg
|
0-0: Foul Ball, location: 2F 0-1: Ball 1-1: Called Strike 1-2: SINGLE (Groundball, 13S, EV 66.9 MPH) (infield hit)
|
|
Batting: RHB Jerry Foster
|
0-0: 2-RUN HOME RUN (Flyball, 7D, EV 98.8 MPH), Distance : 361 ft
|
|
Batting: RHB Luis Solorzano
|
0-0: Called Strike 0-1: Called Strike 0-2: SOLO HOME RUN (Flyball, 78XD, EV 99.4 MPH), Distance : 415 ft
|
|
Batting: RHB Elias Sagrero
|
0-0: Ball 1-0: Ground out 5-3 (Groundball, 56, EV 89.4 MPH)
|
|
Batting: SHB Zack Barton
|
0-0: Ball 1-0: Called Strike 1-1: Ball 2-1: SINGLE (Flyball, 78S, EV 90.0 MPH)
|
|
Batting: SHB Tyler Romo
|
0-0: Called Strike 0-1: Called Strike 0-2: Fly out, F6 (Popup, P, EV 78.8 MPH)
|
| Top of the 5th over - 3 runs, 4 hits, 0 errors, 1 left on base; Amarillo 6 - Victoria 2 |
| BOTTOM OF THE 5TH |
|
Victoria Capitals batting - Pitching for Amarillo ThunderHeads : RHP Anastagio Fasola
|
|
Batting: RHB Heihachiro Fujita
|
0-0: Ball 1-0: Ball 2-0: Ball 3-0: Base on Balls
|
|
Batting: LHB Taki Matsui
|
0-0: Called Strike 0-1: Called Strike 0-2: Fly out, F8 (Line Drive, 8RM, EV 94.4 MPH)
|
|
Batting: RHB Tomokazu Sugimoto
|
0-0: Ball Wild Pitch! Heihachiro Fujita to second 1-0: Ball 2-0: Called Strike 2-1: Swinging Strike 2-2: Strikes out swinging
|
|
Batting: SHB Carlos Luna
|
0-0: Ball 1-0: Swinging Strike 1-1: Called Strike 1-2: Ball 2-2: Ball 3-2: Fly out, F9 (Line Drive, 9D, EV 91.3 MPH)
|
| Bottom of the 5th over - 0 runs, 0 hits, 0 errors, 1 left on base; Amarillo 6 - Victoria 2 |
| TOP OF THE 6TH |
|
Amarillo ThunderHeads batting - Pitching for Victoria Capitals : LHP Kevin Roberts
|
|
Batting: RHB Luis Reyna
|
0-0: Ball 1-0: Foul Ball, location: 2F 1-1: Fly out, F8 (Flyball, 8RXD, EV 90.0 MPH)
|
|
Batting: SHB Tim Rogers
|
0-0: Called Strike 0-1: Called Strike 0-2: Strikes out swinging
|
|
Batting: RHB Sal Cervantes
|
0-0: Ball 1-0: Ball 2-0: Called Strike 2-1: Ball 3-1: Ground out U3 (Groundball, 34S, EV 81.3 MPH)
|
| Top of the 6th over - 0 runs, 0 hits, 0 errors, 0 left on base; Amarillo 6 - Victoria 2 |
| BOTTOM OF THE 6TH |
|
Victoria Capitals batting - Pitching for Amarillo ThunderHeads : RHP Anastagio Fasola
|
|
Pitching: RHP Torsten Fisher
|
|
|
Batting: RHB Nick Edmunds
|
0-0: Ground out 3-1 (Groundball, 34, EV 90.0 MPH)
|
|
Batting: LHB Chang Huie
|
0-0: Called Strike 0-1: Ball 1-1: Ball 2-1: Foul Ball, location: 2F 2-2: Strikes out swinging
|
|
Batting: RHB Jung-wan Aan
|
0-0: Called Strike 0-1: Swinging Strike 0-2: Ball 1-2: Fly out, F7 (Line Drive, 78S, EV 105.6 MPH)
|
| Bottom of the 6th over - 0 runs, 0 hits, 0 errors, 0 left on base; Amarillo 6 - Victoria 2 |
| TOP OF THE 7TH |
|
Amarillo ThunderHeads batting - Pitching for Victoria Capitals : LHP Kevin Roberts
|
|
Batting: RHB Nick Solberg
|
0-0: Called Strike 0-1: SINGLE (Line Drive, 8LS, EV 103.8 MPH)
|
|
Batting: RHB Jerry Foster
|
0-0: Called Strike 0-1: Fly out, F9 (Flyball, 9D, EV 101.9 MPH)
|
|
Batting: RHB Luis Solorzano
|
0-0: Ball 1-0: Called Strike 1-1: Foul Ball, location: 2F 1-2: Ball 2-2: Ball 3-2: Reached on error, E6 (Groundball, 56, EV 79.4 MPH) Nick Solberg to second
|
|
Pitching: RHP Jose Acevedo
|
|
|
Batting: RHB Elias Sagrero
|
0-0: Called Strike 0-1: Ball 1-1: Called Strike 1-2: Strikes out swinging
|
|
Batting: SHB Zack Barton
|
0-0: SINGLE (Line Drive, 7, EV 98.8 MPH) Nick Solberg to third Luis Solorzano to second Runner from 3rd tries for Home, throw by LF and OUT! 7-2
|
| Top of the 7th over - 0 runs, 2 hits, 1 error, 2 left on base; Amarillo 6 - Victoria 2 |
| BOTTOM OF THE 7TH |
|
Victoria Capitals batting - Pitching for Amarillo ThunderHeads : RHP Torsten Fisher
|
|
Batting: SHB Ray Skogen
|
0-0: Swinging Strike 0-1: Called Strike 0-2: Strikes out swinging
|
|
Batting: RHB David Greene
|
0-0: Ball 1-0: Swinging Strike 1-1: Ball 2-1: Ball 3-1: Ground out 3-1 (Groundball, 34, EV 92.5 MPH)
|
|
Batting: RHB Heihachiro Fujita
|
0-0: Ball 1-0: Swinging Strike 1-1: Foul Ball, location: 2F 1-2: Foul Ball, location: 2F 1-2: Ball 2-2: SINGLE (Groundball, 34S, EV 72.5 MPH) (infield hit)
|
|
Batting: LHB Taki Matsui
|
0-0: Ball Heihachiro Fujita steals 2nd base 1-0: Ball 2-0: Called Strike 2-1: Foul Ball, location: 2F 2-2: Ball 3-2: Foul Ball, location: 2F 3-2: Strikes out looking
|
| Bottom of the 7th over - 0 runs, 1 hit, 0 errors, 1 left on base; Amarillo 6 - Victoria 2 |
| TOP OF THE 8TH |
|
Amarillo ThunderHeads batting - Pitching for Victoria Capitals : RHP Jose Acevedo
|
|
Batting: SHB Tyler Romo
|
0-0: Ball 1-0: Called Strike 1-1: Swinging Strike 1-2: Strikes out swinging
|
|
Batting: RHB Luis Reyna
|
0-0: Ball 1-0: Ground out 6-3 (Groundball, P, EV 88.1 MPH)
|
|
Batting: SHB Tim Rogers
|
0-0: Ball 1-0: Swinging Strike 1-1: Called Strike 1-2: Strikes out swinging
|
| Top of the 8th over - 0 runs, 0 hits, 0 errors, 0 left on base; Amarillo 6 - Victoria 2 |
| BOTTOM OF THE 8TH |
|
Victoria Capitals batting - Pitching for Amarillo ThunderHeads : RHP Torsten Fisher
|
|
Pitching: LHP Kevin Anderson
|
|
|
Batting: RHB Tomokazu Sugimoto
|
0-0: Called Strike 0-1: Ball 1-1: Ground out 4-3 (Groundball, 13, EV 83.8 MPH)
|
|
Batting: SHB Carlos Luna
|
0-0: Ground out 3-1 (Groundball, 34, EV 104.4 MPH)
|
|
Batting: RHB Nick Edmunds
|
0-0: Swinging Strike 0-1: Fly out, F4 (Popup, 4S, EV 80.6 MPH)
|
| Bottom of the 8th over - 0 runs, 0 hits, 0 errors, 0 left on base; Amarillo 6 - Victoria 2 |
| TOP OF THE 9TH |
|
Amarillo ThunderHeads batting - Pitching for Victoria Capitals : RHP Jose Acevedo
|
|
Pitching: RHP Frank Cabrera
|
|
|
Batting: RHB Sal Cervantes
|
0-0: Ball 1-0: Called Strike 1-1: Ball 2-1: Ground out 5-3 (Groundball, 56, EV 103.1 MPH)
|
|
Batting: RHB Nick Solberg
|
0-0: Ground out 6-3 (Groundball, 6, EV 82.5 MPH)
|
|
Batting: RHB Jerry Foster
|
0-0: Called Strike 0-1: Fly out, F7 (Flyball, 78M, EV 81.9 MPH)
|
| Top of the 9th over - 0 runs, 0 hits, 0 errors, 0 left on base; Amarillo 6 - Victoria 2 |
| BOTTOM OF THE 9TH |
|
Victoria Capitals batting - Pitching for Amarillo ThunderHeads : LHP Kevin Anderson
|
|
Batting: LHB Chang Huie
|
0-0: Ball 1-0: DOUBLE (Line Drive, 7LM, EV 106.9 MPH)
|
|
Batting: RHB Jung-wan Aan
|
0-0: Ground out 6-3 (Groundball, 6, EV 90.0 MPH) Chang Huie to third
|
|
Pinch Hitting: RHB Victor Rosas
|
0-0: Ball 1-0: Ball 2-0: Called Strike 2-1: Ball 3-1: Called Strike 3-2: SINGLE (Line Drive, 6MD, EV 107.5 MPH) Chang Huie scores
|
|
Pitching: RHP Mike Osgood
|
|
|
Pinch Hitting: LHB Ryan Daniels
|
0-0: Foul Ball, location: 2F 0-1: Ball 1-1: Ball 2-1: Foul Ball, location: 2F 2-2: Ball 3-2: Fly out, F7 (Flyball, 7LD, EV 107.5 MPH)
|
|
Batting: RHB Heihachiro Fujita
|
0-0: Ball 1-0: Called Strike 1-1: Ball 2-1: Ball 3-1: Base on Balls Victor Rosas to second
|
|
Batting: LHB Taki Matsui
|
0-0: Called Strike 0-1: Ground out 4-3 (Groundball, 4, EV 82.5 MPH)
|
| Bottom of the 9th over - 1 run, 2 hits, 0 errors, 2 left on base; Amarillo 6 - Victoria 3 |
|